 Dungeon Crawl Stone Soup version 0.25-a0-578-gc91f01c39c (webtiles) character file.

Game seed: 12151175099417433661, levelgen mode: deterministic

6205 Emblim88 the Blocker (level 10, -1/82 HPs)
             Began as a Gnoll Fighter on Mar 3, 2020.
             Was an Initiate of Gozag.
             Slain by a death knight
             ... wielding a +3 morningstar
              (16 damage)
             ... on level 11 of the Dungeon.
             The game lasted 00:23:59 (8414 turns).

Emblim88 the Blocker (Gnoll Fighter)                Turns: 8414, Time: 00:24:05

Health: -1/82      AC: 21    Str: 21    XL:     10   Next: 92%
Magic:  18/18      EV: 10    Int: 10    God:    Gozag
Gold:   1184       SH: 12    Dex: 16    Spells: 15/20 levels left

rFire    . . .     SeeInvis +   T - +8 arc blade {discharge, rElec}
rCold    . . .     Gourm    .   c - +0 kite shield
rNeg     . . .     Faith    .   N - +2 shadow dragon scales
rPois    +         Spirit   .   M - +0 helmet
rElec    +         Reflect  .   b - +0 cloak
rCorr    .         Harm     .   j - +0 pair of gloves
MR       .....                  g - +0 pair of boots
Stlth    ++++......             q - amulet of regeneration
HPRegen  0.63/turn              R - ring of poison resistance
MPRegen  0.16/turn              G - ring of see invisible

@: gold aura
A: distributed training, fangs 1, strong nose
a: Potion Petition, Call Merchant, Bribe Branch, Renounce Religion


You were on level 11 of the Dungeon.
You worshipped Gozag.
Gozag was most pleased with you.
You were near starving.

You visited 1 branch of the dungeon, and saw 11 of its levels.

You collected 1460 gold pieces.
You spent 253 gold pieces at shops.
You paid 23 gold pieces to Gozag.

Inventory:

Hand Weapons
 v - a +3 flail
 I - the +6 rapier of Salt {elec, rElec Dex+3}
   (You found it on level 9 of the Dungeon)

   Occasionally, upon striking a foe, it will discharge some electrical energy
   and cause terrible harm.
   It affects your dexterity (+3).
   It insulates you from electricity.
 T - the +8 arc blade (weapon) {discharge, rElec}
   (You found it on level 9 of the Dungeon)

   It insulates you from electricity.
Missiles
 y - 22 poisoned darts (quivered)
 D - 4 javelins
 Q - a throwing net
Armour
 b - a +0 cloak (worn)
 c - a +0 kite shield (worn)
 g - a +0 pair of boots (worn)
 j - a +0 pair of gloves (worn)
 M - a +0 helmet (worn)
 N - +2 shadow dragon scales (worn)
Jewellery
 h - an uncursed ring of fire
 q - an amulet of regeneration (around neck)
 t - an uncursed ring of positive energy
 G - a ring of see invisible (right hand)
 R - a ring of poison resistance (left hand)
Wands
 A - a wand of paralysis (13)
 E - a wand of disintegration (8)
Scrolls
 a - 2 scrolls of enchant armour
 d - 5 scrolls of remove curse
 k - 4 scrolls of teleportation
 l - 2 scrolls of blinking
 n - a scroll of enchant weapon
 r - a scroll of magic mapping
 w - a scroll of fear
 C - a scroll of acquirement
 K - a scroll of noise
 O - a scroll of amnesia
Potions
 e - 4 potions of degeneration
 i - 3 potions of brilliance
 m - a potion of cancellation {unknown}
 o - 3 potions of flight {unknown}
 s - 3 potions of stabbing {unknown}
 x - 3 potions of magic {unknown}
 z - 5 potions of heal wounds
 B - 5 potions of lignification {unknown}
 H - 2 potions of haste
 J - 7 potions of curing
 S - a potion of might
Comestibles
 f - 9 rations


   Skills:
 + Level 8.7 Fighting
 + Level 5.6 Short Blades
 + Level 5.6 Long Blades
 + Level 5.6 Axes
 + Level 7.3 Maces & Flails
 + Level 5.6 Polearms
 + Level 5.6 Staves
 + Level 5.6 Slings
 + Level 5.6 Bows
 + Level 5.6 Crossbows
 + Level 5.6 Throwing
 + Level 8.7 Armour
 + Level 5.6 Dodging
 + Level 5.6 Stealth
 + Level 8.7 Shields
 + Level 5.6 Unarmed Combat
 + Level 5.6 Spellcasting
 + Level 4.6 Conjurations
 + Level 4.6 Hexes
 + Level 4.6 Charms
 + Level 4.6 Summonings
 + Level 4.6 Necromancy
 + Level 4.6 Translocations
 + Level 4.6 Transmutations
 + Level 4.6 Fire Magic
 + Level 4.6 Ice Magic
 + Level 4.6 Air Magic
 + Level 4.6 Earth Magic
 + Level 4.6 Poison Magic
 + Level 6.2 Invocations
 + Level 5.6 Evocations


You had 15 spell levels left.
You knew the following spells:

 Your Spells              Type           Power        Failure   Level  Hunger
a - Mephitic Cloud        Conj/Pois/Air  ##......     83%         3    ###....
b - Blink                 Tloc           N/A          61%         2    ##.....

Your spell library contained the following spells:

 Spells                   Type           Power        Failure   Level  Hunger
 Infusion                 Chrm           ##..         45%         1    None
 Magic Dart               Conj           ##..         45%         1    None
 Call Imp                 Summ           ##......     61%         2    ##.....
 Searing Ray              Conj           ##....       61%         2    ##.....
 Shroud of Golubria       Chrm/Tloc      ##....       61%         2    ##.....
 Slow                     Hex            ##......     61%         2    ##.....
 Song of Slaying          Chrm           ##......     61%         2    ##.....
 Conjure Flame            Conj/Fire      ##......     83%         3    ###....
 Dazzling Flash           Conj/Hex       ##....       83%         3    ###....
 Ozocubu's Armour         Chrm/Ice       ##......     83%         3    ###....
 Spectral Weapon          Hex/Chrm       ##......     83%         3    ###....
 Fulminant Prism          Conj/Hex       ##........   99%         4    ####...
 Iskenderun's Mystic Bla  Conj/Tloc      ##......     99%         4    ####...


Dungeon Overview and Level Annotations

Branches:
Dungeon (11/15)            Temple (0/1) D:6            Lair (0/6) D:9
    Orc: D:9-12

Altars:
Elyvilon
Gozag
Qazlal
Sif Muna
Zin

Shops:
D:9 !

Annotations:
D:9 3 runed translucent doors, a0bad's ghost, novice SpAs


Innate Abilities, Weirdness & Mutations

Your experience applies equally to all skills.
You have very sharp teeth.
Your uncanny sense of smell can sniff out nearby items.


Message History

The death knight is lightly wounded.
The death knight reflects your damage back at you!
You block the death knight's attack.
You puncture the death knight!
You bite the death knight, but do no damage.
The death knight is moderately wounded.
The death knight reflects your damage back at you!
You hit the death knight.
The arc blade crackles.
The death knight is struck by an arc of lightning!!
The death knight is severely wounded.
You resist.
You are struck by an arc of lightning.
The death knight is struck by an arc of lightning!
The death knight is almost dead.
The lightning grounds out.
The death knight is almost dead.
The death knight reflects your damage back at you!
* * * LOW HITPOINT WARNING * * *
The death knight hits you with a +3 morningstar!
You die...
Your body crumbles into a pile of gold.

#..........
.....
#..!.......
.....
#.=........ ..
#...#######
#...# #...#
.######$..#
..........#
.......@..#
........p.#
.............
...........###
...........#
...........#
...........#
#######..[<#


You could see a death knight.

Vanquished Creatures
  A two-headed ogre (D:11)
  A queen bee (D:9)
  A hippogriff (D:9)
  Sigmund (D:3)
  A wyvern (D:10)
  2 hungry ghosts
  Edmund (D:5)
  A porcupine (D:9)
  3 orc warriors
  2 phantoms
  A sky beast (D:7)
  A necrophage (D:6)
  3 ogres
  5 bullfrogs
  A water moccasin zombie (D:10)
  A wyvern skeleton (D:7)
  7 scorpions
  19 killer bees
  7 wights
  3 howler monkeys
  4 crimson imps
  A bullfrog zombie (D:5)
  4 jellies
  8 orc priests
  3 hounds (D:6)
  A bullfrog skeleton (D:5)
  An iguana (D:4)
  14 orc wizards
  Natasha (thrice) (D:3)
  4 worker ants
  A hound zombie (D:11)
  A worker ant zombie (D:8)
  4 gnolls
  A howler monkey skeleton (D:6)
  12 adders
  2 shadow imps
  An adder zombie (D:5)
  3 worms
  A dart slug (D:1)
  4 leopard geckos
  31 orcs
  2 ball pythons
  3 giant cockroaches
  6 goblins
  15 hobgoblins
  16 jackals
  9 kobolds
  3 quokkas
  10 bats
  7 frilled lizards
  3 rats
240 creatures vanquished.

Vanquished Creatures (others)
  A fungus (D:9)
1 creature vanquished.

Grand Total: 241 creatures vanquished

Notes
Turn   | Place    | Note
-------+----------+-------------------------------------------
     0 | D:1      | Emblim88 the Gnoll Fighter began the quest for the Orb.
     0 | D:1      | Reached XP level 1. HP: 23/23 MP: 1/1
   179 | D:1      | Reached XP level 2. HP: 29/29 MP: 2/2
   395 | D:1      | Reached XP level 3. HP: 35/35 MP: 3/3
   916 | D:2      | Reached skill level 1 in Invocations
   947 | D:2      | Reached skill level 1 in Short Blades
   947 | D:2      | Reached skill level 1 in Long Blades
   947 | D:2      | Reached skill level 1 in Axes
   947 | D:2      | Reached skill level 1 in Polearms
   947 | D:2      | Reached skill level 1 in Staves
   947 | D:2      | Reached skill level 1 in Slings
   947 | D:2      | Reached skill level 1 in Bows
   947 | D:2      | Reached skill level 1 in Crossbows
   947 | D:2      | Reached skill level 1 in Throwing
   947 | D:2      | Reached skill level 1 in Dodging
   947 | D:2      | Reached skill level 1 in Stealth
   947 | D:2      | Reached skill level 1 in Unarmed Combat
   947 | D:2      | Reached skill level 1 in Spellcasting
   947 | D:2      | Reached skill level 1 in Evocations
   960 | D:2      | Reached XP level 4. HP: 37/41 MP: 5/5
  1225 | D:2      | Reached skill level 1 in Conjurations
  1225 | D:2      | Reached skill level 1 in Hexes
  1225 | D:2      | Reached skill level 1 in Charms
  1225 | D:2      | Reached skill level 1 in Summonings
  1225 | D:2      | Reached skill level 1 in Necromancy
  1225 | D:2      | Reached skill level 1 in Translocations
  1225 | D:2      | Reached skill level 1 in Transmutations
  1225 | D:2      | Reached skill level 1 in Fire Magic
  1225 | D:2      | Reached skill level 1 in Ice Magic
  1225 | D:2      | Reached skill level 1 in Air Magic
  1225 | D:2      | Reached skill level 1 in Earth Magic
  1225 | D:2      | Reached skill level 1 in Poison Magic
  1599 | D:2      | Reached XP level 5. HP: 47/47 MP: 6/6
  1704 | D:3      | Found a white marble altar of Elyvilon.
  1778 | D:3      | Noticed Natasha
  1786 | D:3      | Killed Natasha
  1801 | D:3      | Noticed Sigmund
  1819 | D:3      | Killed Sigmund
  1819 | D:3      | Reached skill level 5 in Maces & Flails
  1819 | D:3      | Reached XP level 6. HP: 12/53 MP: 8/8
  2236 | D:3      | Found an opulent altar of Gozag.
  2598 | D:3      | Became a worshipper of Gozag Ym Sagoz the Greedy
  2811 | D:3      | Noticed Natasha
  2817 | D:3      | Killed Natasha
  2820 | D:3      | Noticed Natasha
  2826 | D:3      | Killed Natasha
  2896 | D:3      | Reached XP level 7. HP: 58/59 MP: 10/10
  3139 | D:4      | Learned a level 3 spell: Mephitic Cloud
  3174 | D:4      | Found a shimmering blue altar of Sif Muna.
  3179 | D:4      | Learned a level 2 spell: Blink
  3638 | D:5      | Entered Level 5 of the Dungeon
  4046 | D:5      | Reached XP level 8. HP: 52/67 MP: 12/12
  4145 | D:5      | Noticed Edmund
  4170 | D:5      | Killed Edmund
  4228 | D:5      | Found a shimmering blue altar of Sif Muna.
  4665 | D:6      | Found a staircase to the Ecumenical Temple.
  4983 | D:6      | Reached XP level 9. HP: 63/72 MP: 14/14
  6113 | D:8      | Reached skill level 5 in Invocations
  6196 | D:8      | Found a stormy altar of Qazlal.
  6295 | D:8      | Reached XP level 10. HP: 80/80 MP: 17/17
  6626 | D:9      | Reached skill level 5 in Short Blades
  6626 | D:9      | Reached skill level 5 in Long Blades
  6626 | D:9      | Reached skill level 5 in Axes
  6626 | D:9      | Reached skill level 5 in Polearms
  6626 | D:9      | Reached skill level 5 in Staves
  6626 | D:9      | Reached skill level 5 in Slings
  6626 | D:9      | Reached skill level 5 in Bows
  6626 | D:9      | Reached skill level 5 in Crossbows
  6626 | D:9      | Reached skill level 5 in Throwing
  6626 | D:9      | Reached skill level 5 in Dodging
  6626 | D:9      | Reached skill level 5 in Stealth
  6626 | D:9      | Reached skill level 5 in Unarmed Combat
  6626 | D:9      | Reached skill level 5 in Spellcasting
  6626 | D:9      | Reached skill level 5 in Evocations
  6961 | D:9      | Found a staircase to the Lair.
  6972 | D:9      | Got a bloodstained rapier
  6976 | D:9      | Identified the +6 rapier of Salt {elec, rElec Dex+3} (You
                  | found it on level 9 of the Dungeon)
  7047 | D:9      | Found a runed translucent gate.
  7048 | D:9      | Found a runed translucent gate.
  7051 | D:9      | Found a runed translucent gate.
  7117 | D:9      | Found Ybbel's Distillery.
  7130 | D:9      | Bought a potion of haste for 110 gold pieces
  7130 | D:9      | Bought a potion of curing for 33 gold pieces
  7130 | D:9      | Bought a potion of heal wounds for 55 gold pieces
  7130 | D:9      | Bought a potion of heal wounds for 55 gold pieces
  7139 | D:9      | Noticed a0bad's ghost (novice SpAs)
  7379 | D:9      | Found a glowing silver altar of Zin.
  7405 | D:9      | Found the +8 arc blade {discharge, rElec}
  7639 | D:10     | Entered Level 10 of the Dungeon
  8334 | D:11     | Noticed a two-headed ogre
  8345 | D:11     | Killed a two-headed ogre
  8397 | D:11     | Identified a scroll of acquirement
  8405 | D:11     | Noticed a death knight
  8414 | D:11     | Slain by a death knight

Levels and vault maps discovered:
D:1:      sevenhm_arrival_forest_fort_large_2, layout_loops_ring, st_stairs_6
D:2:      layout_loops_ring, minmay_misc_feat_pillars, cheibrodos_gnoll_hut
D:3:      layout_rooms, overflow_temple_1_default, grunt_gozag_statues,
          uniq_sigmund, uniq_natasha
D:4:      layout_loops_ring, old_standard_altar
D:5:      layout_loops_ring, first_ration, basic_altar, uniq_edmund
D:6:      layout_cave_pools, minmay_temple_entry_large_hall
D:7:      layout_basic, kennysheep_cluttered_room
D:8:      layout_rooms, grunt_qazlal_clouds
D:9:      layout_basic, zin_academy, grunt_lair_entry_orc_guard_hut,
          gammafunk_ghost_spectres, serial_shops, nicolae_shop_stone,
          david_nohive_1
D:10:     layout_grid_maze, minmay_misc_feat_doors
D:11:     layout_irregular_city, minmay_mirror_moons_of_madness, uniq_grum

Skill      XL: |  1  2  3  4  5  6  7  8  9 10 |
---------------+-------------------------------+-----
Invocations    | 1 2 3 4 5 6 |  6.2
Short Blades   | 1 2 3 4 5 |  5.6
Long Blades    | 1 2 3 4 5 |  5.6
Axes           | 1 2 3 4 5 |  5.6
Polearms       | 1 2 3 4 5 |  5.6
Staves         | 1 2 3 4 5 |  5.6
Slings         | 1 2 3 4 5 |  5.6
Bows           | 1 2 3 4 5 |  5.6
Crossbows      | 1 2 3 4 5 |  5.6
Throwing       | 1 2 3 4 5 |  5.6
Dodging        | 1 2 3 4 5 |  5.6
Stealth        | 1 2 3 4 5 |  5.6
Unarmed Combat | 1 2 3 4 5 |  5.6
Spellcasting   | 1 2 3 4 5 |  5.6
Evocations     | 1 2 3 4 5 |  5.6
Conjurations   | 1 2 3 4 |  4.6
Hexes          | 1 2 3 4 |  4.6
Charms         | 1 2 3 4 |  4.6
Summonings     | 1 2 3 4 |  4.6
Necromancy     | 1 2 3 4 |  4.6
Translocations | 1 2 3 4 |  4.6
Transmutations | 1 2 3 4 |  4.6
Fire Magic     | 1 2 3 4 |  4.6
Ice Magic      | 1 2 3 4 |  4.6
Air Magic      | 1 2 3 4 |  4.6
Earth Magic    | 1 2 3 4 |  4.6
Poison Magic   | 1 2 3 4 |  4.6
Maces & Flails | 5 6 7 |  7.3
Fighting       | 7 8 |  8.7
Armour         | 7 8 |  8.7
Shields        | 7 8 |  8.7

Action                   |  1- 3 |  4- 6 |  7- 9 | 10-12 || total
-------------------------+-------+-------+-------+-------++-------
Melee: Spear             |   105 |   219 |    70 |       ||   394
       Bite              |     4 |    12 |    71 |    25 ||   112
       Long sword        |       |       |   403 |    99 ||   502
       Rapier            |       |       |       |    80 ||    80
Throw: Dart              |       |       |     4 |       ||     4
  Use: Potion            |       |     1 |     3 |     2 ||     6
       Scroll            |       |       |    11 |     4 ||    15
 Stab: Sleeping          |       |       |     7 |     7 ||    14
       Distracted        |       |       |       |     1 ||     1
  Eat: Chunk             |       |     7 |       |       ||     7
       Ration            |       |       |     6 |     2 ||     8
Armor: Scale mail        |    31 |    70 |    38 |       ||   139
       Shadow dragon sca |       |       |   169 |    84 ||   253
Dodge: Dodged            |    17 |    57 |   152 |    75 ||   301
Block: Kite shield       |    50 |   121 |   269 |   116 ||   556
       Rpst.: Long sword |       |       |    37 |    15 ||    52

Table legend:
 A = Non-vault XP
 B = Vault XP
 C = Vault XP percentage of total XP
 D = Non-vault monster count
 E = Vault monster count
 F = Vault count percentage of total count
                 A         B        C        D         E       F
            +---------+---------+-------+---------+---------+-------
      Total |    6823 |    2042 |  23.0 |     213 |      27 |  11.2
            +---------+---------+-------+---------+---------+-------
        D:1 |      46 |       4 |   8.0 |      24 |       2 |   7.7
        D:2 |     136 |      18 |  11.7 |      30 |       3 |   9.1
        D:3 |     170 |     243 |  58.8 |      21 |       2 |   8.7
        D:4 |     312 |       0 |   0.0 |      20 |       0 |   0.0
        D:5 |     426 |     158 |  27.1 |      13 |       1 |   7.1
        D:6 |    1154 |       0 |   0.0 |      25 |       0 |   0.0
        D:7 |    1307 |       0 |   0.0 |      33 |       0 |   0.0
        D:8 |    1179 |      63 |   5.1 |      19 |       1 |   5.0
        D:9 |     622 |    1556 |  71.4 |      15 |      18 |  54.5
       D:10 |     349 |       0 |   0.0 |       6 |       0 |   0.0
       D:11 |    1122 |       0 |   0.0 |       7 |       0 |   0.0
            +---------+---------+-------+---------+---------+-------
